 Dungeon Crawl Stone Soup version bcrawl-1.13 (webtiles) character file.

Game seed: 2093308778046074084

19 MisterOstroum the Sneak (level 2, -2/18 HPs)
             Began as a Skeleton Archaeologist on July 29, 2019.
             Slain by a worm (3 damage)
             ... on level 1 of the Dungeon.
             The game lasted 00:01:59 (468 turns).

MisterOstroum the Sneak (Skeleton Archaeologist)     Turns: 468, Time: 00:02:00

Health: -2/18      AC:  6    Str: 16 (17) XL:     2   Next: 55%
Magic:  0/2        EV: 12    Int: 11 (12) God:
Gold:   9          SH:  0    Dex:  6 (7)  Spells: 1/1 levels left

rFire    . . .     SeeInvis .   h - +0 mace
rCold    + . .     Gourm    .   (no shield)
rNeg     + + +     Faith    .   b - +1 robe
rPois    ∞         Spirit   +   c - +1 hat
rElec    .         Reflect  .   (no cloak)
rCorr    .         Harm     .   (no gloves)
MR       .....                  d - +1 pair of boots
Stlth    ++........             (no amulet)
HPRegen  0.06/turn              (no ring)
MPRegen  0.08/turn              (no ring)

@: no status effects
A: no food or potions, cold resistance 1, deterioration 1, negative energy
resistance 3, torment resistance, unbreathing, magic shield, sturdy frame 1,
spell healing
a: no special abilities


You were on level 1 of the Dungeon.
You were not hungry.

You visited 1 branch of the dungeon, and saw 1 of its levels.

You collected 9 gold pieces.

Inventory:

Hand Weapons
 a - a +0 whip
 h - a +0 mace (weapon)
Missiles
 g - 92 stones (quivered)
Armour
 b - a +1 robe (worn)
 c - a +1 hat (worn)
 d - a +1 pair of boots (worn)
Scrolls
 i - a scroll of remove curse {unknown}
 j - a scroll of teleportation {unknown}
Miscellaneous
 e - a dusty tome
 f - an ancient crate


   Skills:
 + Level 2.6 Fighting
 - Level 1.2 Maces & Flails
 - Level 3.0 Dodging
 - Level 3.6 Stealth


You had one spell level left.
You didn't know any spells.
Your spell library was empty.

Dungeon Overview and Level Annotations

Branches:
Dungeon (1/12)

Altars:


Innate Abilities, Weirdness & Mutations

You do not eat or drink.
You are immune to poison.
Your flesh is cold resistant. (rC+)
Your body sometimes deteriorates upon taking damage.
You are immune to negative energy. (rN+++)
You are immune to unholy pain and torment.
You can survive without breathing.
When hurt, damage is shared between your health and your magic reserves.
Your movements are slightly less encumbered by armour. (ER -2)
Casting spells heals you.


Message History

The stone hits the worm but does no damage.
You closely miss the goblin. The goblin hits you.
The goblin closely misses you.
You sock the goblin!
You kill the goblin!
Throwing (i - inventory)
g - 95 stones (quivered)
Press: ? - help, Shift-Dir - straight line, f - worm
Aim: a worm You throw a stone.
The stone completely misses the worm.
i - a scroll labeled TESOSY JAERYIP
Found 97 poisoned needles.
A ball python comes into view.
The ball python hisses angrily.
Throwing (i - inventory)
g - 94 stones (quivered)
Press: ? - help, Shift-Dir - straight line, f - ball python
Aim: a ball python You throw a stone.
The stone closely misses the ball python.
You closely miss the ball python. The ball python closely misses you.
The ball python completely misses you. The ball python bites you.
The ball python barely misses you.
You closely miss the ball python. The ball python closely misses you.
The ball python misses you.
You hit the ball python.
The ball python is moderately wounded.
The ball python bites you but does no damage.
The ball python grabs you. The ball python constricts you.
The ball python bites you but does no damage.
The ball python constricts you.
You escape the ball python's grasp.
Throwing (i - inventory)
g - 93 stones (quivered)
Press: ? - help, Shift-Dir - straight line, f/p - ball python
Aim: a ball python (moderately wounded)
You throw a stone. The stone hits the ball python.
The ball python is severely wounded.
The ball python misses you. The ball python grabs you.
The ball python constricts you.
You barely miss the ball python.
The ball python is severely wounded.
The ball python bites you but does no damage.
The ball python constricts you.
You barely miss the ball python.
The ball python is severely wounded.
The ball python bites you but does no damage.
The ball python constricts you. The ball python closely misses you.
The ball python constricts you.
You sock the ball python!
You kill the ball python!
j - a scroll labeled NICSEA VOJUUN A goblin comes into view.
It is wielding a +0 dagger.
The goblin shouts!
A jackal comes into view. x2
Found a dark potion.
A jackal comes into view.
The jackal barks! x2; You hear a bark!
A jackal comes into view.
The jackal barks!
The jackal bites you. The goblin hits you with a +0 dagger.
Found 11 gold pieces.
The jackal barks!
You hit the goblin.
The goblin is severely wounded.
The jackal bites you but does no damage.
The goblin misses you. The goblin hits you with a +0 dagger.
Your body deteriorates!
You feel clumsy.
You closely miss the jackal. The jackal closely misses you.
The jackal barely misses you.
You closely miss the jackal. The jackal barely misses you.
The jackal completely misses you.
You hit the jackal.
The jackal is heavily wounded.
The jackal bites you but does no damage.
The jackal barely misses you.
You hit the jackal.
You kill the jackal!
You barely miss the jackal. The jackal bites you. The jackal misses you.
You barely miss the jackal.
The jackal bites you but does no damage.
The jackal bites you.
Your body deteriorates!
You feel dopey.
You hit the jackal but do no damage.
The jackal bites you but does no damage. x2
The worm closely misses you.
You barely miss the jackal. The jackal barely misses you. x2
The worm bites you.
* * * LOW HITPOINT WARNING * * *
You closely miss the jackal.
The jackal bites you but does no damage.
The jackal closely misses you.
You hit the jackal.
The jackal is moderately wounded.
The jackal closely misses you. The worm bites you.
* * * LOW HITPOINT WARNING * * *
Your body deteriorates!
You feel weakened. The jackal bites you.
* * * LOW HITPOINT WARNING * * *
You hit the jackal.
You kill the jackal!
The jackal closely misses you. The worm bites you.
You die...

#.<.###.###
#........#
....#...#
#........#
###.#.###
#........# ..#...#
#........#
#.#####.###
#........#
#..........
#.##.#####
###.#########.##.#
..#...w.......##w#
#.####.#########@#
#....#....(.# #h#
############# #hg#
$...# #.....#
.....!.# ###.....#
#.....# #.....#


You could see a worm, 2 jackals and a goblin.

Vanquished Creatures
  2 leopard geckos (D:1)
  2 ball pythons (D:1)
  A goblin (D:1)
  A hobgoblin (D:1)
  6 jackals (D:1)
  2 rats (D:1)
14 creatures vanquished.

Notes
Turn   | Place    | Note
-------+----------+-------------------------------------------
     0 | D:1      | MisterOstroum the Skeleton Archaeologist began the quest
                  | for the Orb.
     0 | D:1      | Reached XP level 1. HP: 12/12 MP: 1/1
   357 | D:1      | Reached XP level 2. HP: 17/17 MP: 2/2
   468 | D:1      | Slain by a worm

Skill      XL: |  1 |
---------------+----+-----
Fighting       | 2 |  2.6
Maces & Flails | |  1.2
Dodging        | |  3.0
Stealth        | |  3.6

Action                   || total
-------------------------++-------
Melee: Whip              ||    45
       Mace              ||    20
Throw: Stone             ||    14
Armor: Robe              ||    28
Dodge: Dodged            ||    48
